 Dungeon Crawl Stone Soup version 0.17-b1-25-g6d8775f (console) character file.

3 gw the Skirmisher (level 1, -1/18 HPs)
             Began as a Human Abyssal Knight on Nov 6, 2015.
             Was a Follower of Lugonu.
             Slain by a hobgoblin (3 damage)
             ... on level 1 of the Dungeon.
             The game lasted 00:00:42 (414 turns).

gw the Skirmisher (Human Abyssal Knight)             Turns: 414, Time: 00:00:42

Health: -1/18      AC:  3    Str: 12    XL:     1   Next: 55%
Magic:  2/2        EV: 11    Int: 12    God:    Lugonu [*.....]
Gold:   70         SH:  0    Dex: 12    Spells: 0 memorised, 0 levels left

rFire  . . .     SeeInvis .     a - +0 mace
rCold  . . .     Clarity  .     b - +0 leather armour
rNeg   . . .     SustAt   .     (no shield)
rPois  .         Gourm    .     (no helmet)
rElec  .         Spirit   .     (no cloak)
rCorr  .         Warding  .     (no gloves)
rMut   .         Stasis   .     (no boots)
MR     .....                    (no amulet)
Stlth  +.........               (no ring)
                                (no ring)

@: not resistant to hostile enchantments, very unstealthy
A: no striking features
a: Depart the Abyss, Renounce Religion


You were on level 1 of the Dungeon.
You worshipped Lugonu.
Lugonu was aware of your devotion.
You were not hungry.

You visited 1 branch of the dungeon, and saw 1 of its levels.
You visited the Abyss 1 time.

You collected 70 gold pieces.

Inventory:

Hand Weapons
 a - a +0 mace (weapon)
Armour
 b - a +0 leather armour (worn)
Comestibles
 c - 2 bread rations


   Skills:
 + Level 3.1 Fighting
   Level 2.1 Long Blades
 * Level 0.0 Maces & Flails
 + Level 2.0 Armour
 - Level 1.0 Dodging
 + Level 2.0 Invocations


You couldn't memorise any spells.
You didn't know any spells.

Dungeon Overview and Level Annotations

Branches:
Dungeon (1/15)

Altars:


Message History

Unknown command.
Unknown command.
Unknown command.
MOVING TO (-5,-4)
The rat bites you.
Unknown command.
Unknown command.
Unknown command.
MOVING TO (-4,-3)
The kobold barely misses you.
Unknown command.
Unknown command.
Unknown command.
MOVING TO (-3,-2) Unknown command.
Unknown command.
Unknown command.
MOVING TO (-2,-1)
The kobold hits you but does no damage. The hobgoblin hits you.
You die...

#.# #.....# #.¤
#.####.....# #.¤
#.#........# #.~
#.#......### #..
#.#......##### ##.. .
#.####.......###...
.. #.# #.#####.#.....
.. #.####.# #.#.....
#.#.pr...### #.#.####
#...gK.....# #.#....(
#..........###.#.##..
#.................#..
##..........##)######
#.>.................
##.#######.#.######.
#. #.#.# #. #. #.#.#
#.


You could see a hobgoblin, a kobold and a rat.

Table legend:
 A = Turns spent in this place as a percentage of turns spent in the entire game.
 B = Non-inter-level travel turns spent in this place as a percentage of non-inter-level travel turns spent in the entire game.
 C = Inter-level travel turns spent in this place as a percentage of turns spent in this place.
 D = Turns resting spent in this place as a percentage of non-inter-level travel turns spent in this place.
 E = Turns spent auto-exploring this place as a percentage of non-inter-level travel turns spent in this place.
 F = Non-inter-level travel turns spent in this place divided by the number of levels of this place that you've seen.
                   A       B       C       D       E      F
               +-------+-------+-------+-------+-------+----------------------
         Total | 100.0 | 100.0 |   0.0 |   0.4 |   2.1 | 493.5
       Dungeon |  97.1 |  97.1 |   0.0 |   0.4 |   2.1 | 958.0
         Abyss |   2.9 |   2.9 |   0.0 |   0.0 |   3.4 |  29.0
               +-------+-------+-------+-------+-------+----------------------

Table legend:
 A = Kills in this place as a percentage of kills in entire the game.
 B = Kills by you in this place as a percentage of kills by you in the entire game.
 C = Kills by friends in this place as a percentage of kills by friends in the entire game.
 D = Other kills in this place as a percentage of other kills in the entire game.
 E = Experience gained in this place as a percentage of experience gained in the entire game.
 F = Experience gained in this place divided by the number of levels of this place that you have seen.
                   A       B       C       D       E      F
               +-------+-------+-------+-------+-------+----------------------
         Total | 100.0 | 100.0 |  -nan |  -nan | 100.0 |   2.5
       Dungeon | 100.0 | 100.0 |  -nan |  -nan | 100.0 |   5.0
               +-------+-------+-------+-------+-------+----------------------

Vanquished Creatures
  A giant cockroach (D:1)
  A bat (D:1)
  2 rats (D:1)
4 creatures vanquished.

Notes
Turn   | Place    | Note
--------------------------------------------------------------
     0 | Abyss:1  | gw the Human Abyssal Knight began the quest for the Orb.
     0 | Abyss:1  | Reached XP level 1. HP: 18/18 MP: 2/2
    18 | D:1      | Escaped the Abyss
   414 | D:1      | Slain by a hobgoblin

Action                   || total
-------------------------++-------
Melee: Falchion          ||    10

Vault maps used:
D:1:      lemuel_arrival_lava_pool, serial_bayou_lagoon_a
